cohdb
Replays
Latest Replays
All Replays
Popular Replays
Top Player Replays
Match Explorer
How It Works
Community
CoH3 Stats
Reddit
Sign in to upload your games and track your stats! →
Sign in with Steam
Match 24280960
Unlisted
Match 24280960
Overview
Messages
Build Orders
End
Vickers Machine Gun Team
Construct Section Command Post
Selects Indian Artillery Battlegroup
Infantry Section
Infantry Section
Infantry Section
Grenade Package
Construct Platoon Command Post
Humber Armored Car
6-pounder Anti-tank Gun Team
Team Weapon Training
Infantry Training
Selects Valour
Selects Towed ML 4.2-inch Heavy Mortar
Selects Gurkha Rifles Section
Towed ML 4.2-inch Heavy Mortar
Royal Engineer Section
Gurkha Rifles Section
Selects Pillage
Loutre Fourbe
Jean Pistre
Water_Battlemelon
insane
iceman
UH|ck
0
0
Comments
sign in to comment!
No comments posted yet!